 Dungeon Crawl Stone Soup version 0.23.0 (webtiles) character file.

Game seed: 2741427652631595655

283 tidbits the Charmwright (level 6, 43/50 HPs)
             Began as a Gnoll Skald on Feb 15, 2019.
             Quit the game in the Ecumenical Temple.
             The game lasted 00:10:19 (1188 turns).

tidbits the Charmwright (Gnoll Skald)               Turns: 1188, Time: 00:10:20

Health: 43/50      AC:  5    Str: 13    XL:     6   Next: 28%
Magic:  14/14      EV: 13    Int: 18    God:
Gold:   160        SH:  0    Dex: 14    Spells: 4/15 levels left

rFire    . . .     SeeInvis .   a - +0 trident
rCold    . . .     Gourm    .   (no shield)
rNeg     . . .     Faith    .   B - +0 ring mail
rPois    .         Spirit   .   (no helmet)
rElec    .         Reflect  .   (no cloak)
rCorr    .         Harm     .   (no gloves)
MR       .....                  (no boots)
Stlth    +.........             i - amulet of rage
HPRegen  0.16/turn              (no ring)
MPRegen  0.14/turn              (no ring)

@: no status effects
A: distributed training, fangs 1, strong nose
a: Evoke Berserk Rage


You were in the Ecumenical Temple.
You were not hungry.

You visited 2 branches of the dungeon, and saw 6 of its levels.

You collected 160 gold pieces.

Inventory:

Hand Weapons
 a - a +0 trident (weapon)
 h - a +0 dagger
 q - a +0 hunting sling
 y - a +0 spear
Missiles
 c - 19 stones (quivered)
 g - 30 bolts
 k - 39 sling bullets
 o - 2 poisoned tomahawks
 s - 34 arrows
Armour
 b - a +0 leather armour
 u - a +0 buckler
 B - a +0 ring mail (worn)
Jewellery
 i - an amulet of rage (around neck)
   (You found it on level 2 of the Dungeon)
Scrolls
 f - 4 scrolls of identify
 j - 2 scrolls of teleportation {unknown}
 l - 2 scrolls of enchant weapon {unknown}
 m - 2 scrolls of magic mapping {unknown}
 n - a scroll of fear {unknown}
 r - 3 scrolls of remove curse {unknown}
 v - a scroll of immolation {unknown}
Potions
 e - a potion of agility {unknown}
 p - a potion of flight {unknown}
 t - a potion of might {unknown}
 w - a potion of brilliance
 x - a potion of lignification {unknown}
 z - a potion of curing {unknown}
Comestibles
 d - 8 rations


   Skills:
 + Level 4.9 Fighting
 + Level 1.8 Short Blades
 + Level 1.8 Long Blades
 + Level 1.8 Axes
 + Level 1.8 Maces & Flails
 + Level 4.9 Polearms
 + Level 1.8 Staves
 + Level 1.8 Slings
 + Level 1.8 Bows
 + Level 1.8 Crossbows
 + Level 1.8 Throwing
 + Level 3.2 Armour
 + Level 4.9 Dodging
 + Level 1.8 Stealth
 + Level 1.8 Shields
 + Level 1.8 Unarmed Combat
 + Level 5.3 Spellcasting
 + Level 1.4 Conjurations
 + Level 1.4 Hexes
 + Level 5.6 Charms
 + Level 1.4 Summonings
 + Level 1.4 Necromancy
 + Level 1.4 Translocations
 + Level 1.4 Transmutations
 + Level 1.4 Fire Magic
 + Level 1.4 Ice Magic
 + Level 1.4 Air Magic
 + Level 1.4 Earth Magic
 + Level 1.4 Poison Magic
 + Level 2.0 Invocations
 + Level 1.8 Evocations


You had 4 spell levels left.
You knew the following spells:

 Your Spells              Type           Power        Failure   Level  Hunger
g - Shroud of Golubria    Chrm/Tloc      ###.......   10%         2    #......
i - Infusion              Chrm           ####         2%          1    None
r - Regeneration          Chrm/Necr      ###.......   19%         3    ##.....
w - Spectral Weapon       Hex/Chrm       ###.....     19%         3    ##.....
y - Song of Slaying       Chrm           ####....     4%          2    #......

Your spell library contained the following spells:

 Spells                   Type           Power        Failure   Level  Hunger


Dungeon Overview and Level Annotations

Branches:
Dungeon (5/15)             Temple (1/1) D:5

Altars:
Dithmenos
Elyvilon
Gozag
Hepliaklqana
Makhleb
Nemelex Xobeh
Okawaru
Qazlal
Trog
Wu Jian
Xom
Zin
The Shining One


Innate Abilities, Weirdness & Mutations

Your experience applies equally to all skills.
You have very sharp teeth.
Your uncanny sense of smell can sniff out nearby items.


Message History

Your spectral weapon hits the crimson imp but does no damage.
The crimson imp closely misses you. The crimson imp hits you.
You hit the crimson imp.
The crimson imp is almost dead.
Your spectral weapon closely misses the crimson imp.
The crimson imp hits you.
You barely miss the crimson imp.
The crimson imp is almost dead.
Your spectral weapon hits the crimson imp from afar!
You kill the crimson imp!
Your Invocations skill increases to level 2!
You have reached level 6!
Your experience leads to an increase in your attributes!
Increase (S)trength, (I)ntelligence, or (D)exterity?
You feel clever.
You already know all available spells.
Unknown command.
A shadow imp comes into view.
The shadow imp shouts!
Found 14 gold pieces.
You see here a ration.
d - 8 rations (gained 1)
The shadow imp lashes its tail.
Found a scroll labeled OTUFEIHIXA.
You hit the shadow imp but do no damage.
Your spectral weapon hits the shadow imp from afar.
The shadow imp hits you but does no damage.
You barely miss the shadow imp.
The shadow imp is moderately wounded.
Your spectral weapon hits the shadow imp but does no damage.
The shadow imp closely misses you.
You closely miss the shadow imp.
The shadow imp is moderately wounded.
Your spectral weapon fades away.
The shadow imp gestures at you. Pain shoots through your body!
You hit the shadow imp.
The shadow imp is heavily wounded.
The shadow imp closely misses you.
You puncture the shadow imp!
You kill the shadow imp!
You see here 14 gold pieces.
You now have 160 gold pieces (gained 14).
You see here a scroll labeled OTUFEIHIXA.
m - 2 scrolls labeled OTUFEIHIXA (gained 1)
Found a glowing dagger.
Found a stone staircase leading up.
You see here a glowing dagger.
There is a stone staircase leading up here.
You climb upwards.
There is a stone staircase leading down here.
Unknown command.
You open the door.
A worker ant comes into view.
Casting: Spectral Weapon (safe; 19% risk of failure)
Confirm with . or Enter, or press ? or * to list all spells.
You draw out your weapon's spirit!
Unknown command.
There is an open door here.
The worker ant twitches its antennae in your direction.
Attack whom?
Press: ? - help, Dir - move target cursor, f - worker ant
Aim: a worker ant You reach to attack!
You hit the worker ant.
The worker ant is lightly wounded.
Your spectral weapon closely misses the worker ant.
You hit the worker ant.
The worker ant is lightly wounded.
Your spectral weapon hits the worker ant.
The worker ant bites you. x2
You hit the worker ant but do no damage.
The worker ant is heavily wounded.
Your spectral weapon hits the worker ant!
You kill the worker ant!
There is an open door here.
There is a stone staircase leading down here.
You climb downwards.
Your summoned ally is left behind.
Your spectral weapon fades away.
There is a stone staircase leading up here.
Unknown command.
You see here a glowing dagger.
Unknown command.
Found a staircase to the Ecumenical Temple.
Found a book of Battle.
Unknown command.
Unknown command.
Your magical contamination has completely faded away.
There is a staircase to the Ecumenical Temple here.
You climb downwards.
Welcome to the Ecumenical Temple!
There is a staircase back to the Dungeon here.
Unknown command.
Unknown command.
Found an opulent altar of Gozag and a stormy altar of Qazlal.
Unknown command.
Found a sparkling altar of Nemelex Xobeh and a white marble altar of Elyvilon.
Found a bloodstained altar of Trog.
Found a shadowy altar of Dithmenos.
Found a glowing golden altar of the Shining One.
Found three altars.
Are you sure you want to abandon this character and quit the game? (Confirm with "yes".)

..............###
......._........###
..................##
..........._.......##
....................##
.....................#
...⌠..........._.....##
......................#
................@.....#
.<...⌠................#
......................#
......................#
...⌠..........._.....##
.....................#
....................##
...........8.......##
.................


There were no monsters in sight!

Vanquished Creatures
  A scorpion (D:4)
  A crimson imp (D:5)
  An orc priest (D:3)
  A worker ant (D:4)
  6 adders
  A gnoll (D:1)
  A shadow imp (D:5)
  A worm (D:1)
  A dart slug (D:3)
  2 leopard geckos (D:2)
  7 orcs
  A ball python (D:4)
  3 bats
  2 giant cockroaches
  3 goblins
  5 hobgoblins
  5 jackals (D:2)
  8 frilled lizards
  9 kobolds
  3 rats
62 creatures vanquished.

Notes
Turn   | Place    | Note
-------+----------+-------------------------------------------
     0 | D:1      | tidbits the Gnoll Skald began the quest for the Orb.
     0 | D:1      | Reached XP level 1. HP: 20/20 MP: 6/6
    78 | D:1      | Reached XP level 2. HP: 22/26 MP: 1/7
    82 | D:1      | Learned a level 2 spell: Song of Slaying
    85 | D:1      | Learned a level 2 spell: Shroud of Golubria
   201 | D:2      | Reached XP level 3. HP: 28/31 MP: 1/9
   208 | D:1      | Learned a level 3 spell: Regeneration
   212 | D:1      | Learned a level 3 spell: Spectral Weapon
   259 | D:1      | Reached skill level 5 in Spellcasting
   336 | D:2      | Reached skill level 1 in Invocations
   338 | D:2      | Found a hazy altar of Hepliaklqana.
   442 | D:2      | Reached skill level 1 in Short Blades
   442 | D:2      | Reached skill level 1 in Long Blades
   442 | D:2      | Reached skill level 1 in Axes
   442 | D:2      | Reached skill level 1 in Maces & Flails
   442 | D:2      | Reached skill level 1 in Staves
   442 | D:2      | Reached skill level 1 in Slings
   442 | D:2      | Reached skill level 1 in Bows
   442 | D:2      | Reached skill level 1 in Crossbows
   442 | D:2      | Reached skill level 1 in Throwing
   442 | D:2      | Reached skill level 1 in Stealth
   442 | D:2      | Reached skill level 1 in Shields
   442 | D:2      | Reached skill level 1 in Unarmed Combat
   442 | D:2      | Reached skill level 1 in Evocations
   454 | D:2      | Reached XP level 4. HP: 38/38 MP: 7/11
   484 | D:2      | Found an iron altar of Okawaru.
   610 | D:3      | Reached skill level 1 in Conjurations
   610 | D:3      | Reached skill level 1 in Hexes
   610 | D:3      | Reached skill level 1 in Summonings
   610 | D:3      | Reached skill level 1 in Necromancy
   610 | D:3      | Reached skill level 1 in Translocations
   610 | D:3      | Reached skill level 1 in Transmutations
   610 | D:3      | Reached skill level 1 in Fire Magic
   610 | D:3      | Reached skill level 1 in Ice Magic
   610 | D:3      | Reached skill level 1 in Air Magic
   610 | D:3      | Reached skill level 1 in Earth Magic
   610 | D:3      | Reached skill level 1 in Poison Magic
   714 | D:3      | Reached XP level 5. HP: 31/43 MP: 9/12
   763 | D:4      | Found a glowing silver altar of Zin.
   770 | D:4      | Reached skill level 3 in Armour
   773 | D:4      | Noticed an angel
   777 | D:4      | Found a shimmering altar of Xom.
  1031 | D:5      | Entered Level 5 of the Dungeon
  1071 | D:5      | Reached skill level 2 in Invocations
  1071 | D:5      | Reached XP level 6. HP: 44/50 MP: 1/13
  1135 | D:5      | Found a staircase to the Ecumenical Temple.
  1144 | Temple   | Entered the Ecumenical Temple
  1188 | Temple   | Quit the game

Skill      XL: |  1  2  3  4  5 |
---------------+----------------+-----
Spellcasting   | 5 |  5.3
Invocations    | 1 2 |  2.0
Short Blades   | 1 |  1.8
Long Blades    | 1 |  1.8
Axes           | 1 |  1.8
Maces & Flails | 1 |  1.8
Staves         | 1 |  1.8
Slings         | 1 |  1.8
Bows           | 1 |  1.8
Crossbows      | 1 |  1.8
Throwing       | 1 |  1.8
Stealth        | 1 |  1.8
Shields        | 1 |  1.8
Unarmed Combat | 1 |  1.8
Evocations     | 1 |  1.8
Conjurations   | 1 |  1.4
Hexes          | 1 |  1.4
Summonings     | 1 |  1.4
Necromancy     | 1 |  1.4
Translocations | 1 |  1.4
Transmutations | 1 |  1.4
Fire Magic     | 1 |  1.4
Ice Magic      | 1 |  1.4
Air Magic      | 1 |  1.4
Earth Magic    | 1 |  1.4
Poison Magic   | 1 |  1.4
Armour         | 3 |  3.2
Fighting       | |  4.9
Polearms       | |  4.9
Dodging        | |  4.9
Charms         | |  5.6

Action                   |  1- 3 |  4- 6 || total
-------------------------+-------+-------++-------
Melee: Spear             |    70 |    55 ||   125
       Bite              |     3 |     5 ||     8
       Trident           |       |    23 ||    23
 Cast: Infusion          |     5 |       ||     5
       Spectral Weapon   |     6 |    15 ||    21
       Song of Slaying   |     1 |     1 ||     2
       Shroud of Golubri |       |     2 ||     2
       Regeneration      |       |     2 ||     2
  Use: Scroll            |       |     1 ||     1
 Stab: Sleeping          |     3 |     1 ||     4
  Eat: Ration            |     1 |       ||     1
Armor: Leather armour    |    10 |       ||    10
       Ring mail         |       |     7 ||     7
Dodge: Dodged            |    19 |    29 ||    48

Table legend:
 A = Turns spent in this place as a percentage of turns spent in the entire game.
 B = Non-inter-level travel turns spent in this place as a percentage of non-inter-level travel turns spent in the entire game.
 C = Inter-level travel turns spent in this place as a percentage of turns spent in this place.
 D = Turns resting spent in this place as a percentage of non-inter-level travel turns spent in this place.
 E = Turns spent auto-exploring this place as a percentage of non-inter-level travel turns spent in this place.
 F = Non-inter-level travel turns spent in this place divided by the number of levels of this place that you've seen.
                   A       B       C       D       E      F
               +-------+-------+-------+-------+-------+----------------------
         Total | 100.0 | 100.0 |   1.4 |   0.0 |   0.0 | 195.2
       Dungeon |  96.3 |  96.2 |   1.5 |   0.0 |   0.0 | 225.4
        Temple |   3.7 |   3.8 |   0.0 |   0.0 |   0.0 |  44.0
               +-------+-------+-------+-------+-------+----------------------

Table legend:
 A = Kills in this place as a percentage of kills in entire the game.
 B = Kills by you in this place as a percentage of kills by you in the entire game.
 C = Kills by friends in this place as a percentage of kills by friends in the entire game.
 D = Other kills in this place as a percentage of other kills in the entire game.
 E = Experience gained in this place as a percentage of experience gained in the entire game.
 F = Experience gained in this place divided by the number of levels of this place that you have seen.
                   A       B       C       D       E      F
               +-------+-------+-------+-------+-------+----------------------
         Total | 100.0 | 100.0 |   N/A |   N/A | 100.0 |  67.5
       Dungeon | 100.0 | 100.0 |   N/A |   N/A | 100.0 |  81.0
               +-------+-------+-------+-------+-------+----------------------

Levels and vault maps discovered:
D:1:      evilmike_arrival_run_for_it, layout_loops_ring, minmay_misc_feat_roman
D:2:      layout_basic, overflow_temple_1_default, first_ration,
          okawaru_gym_becter
D:3:      layout_basic, cheibrodos_sewer_entry_bend, guppyfry_early_lair_pool
D:4:      layout_basic, grunt_temple_overflow_order_and_chaos_1,
          nicolae_overflow_hidden_temple
D:5:      layout_basic, yredelemnul_forgotten_temple_becter,
          minmay_temple_entry_stoned_glass, fedhas_altar_1
Temple:   compressed_dpeg_circular_temple
